[Event "Austrian Women Bundesliga 2023-24"]
[Site "Austria"]
[Date "2024.04.12"]
[Round "7"]
[White "Anker, Christin"]
[Black "Krassnitzer, Julia"]
[Result "0-1"]
[ECO "B01"]
[WhiteElo "1914"]
[BlackElo "1875"]
[Annotator "TA"]
[PlyCount "58"]
[EventDate "2023.11.21"]
[EventType "team-tourn"]
[EventCountry "AUT"]
[SourceTitle "playchess.com"]
[Source "ChessBase"]
[SourceQuality "1"]
[TimeControl "40/5400+30:1800+30"]

1. e4 d5 2. exd5 Nf6 3. d4 Nxd5 4. c4 Nb6 5. b3 {[%emt 0:03:10] [#]} e5 $1 6. dxe5 Qxd1+ (6... Bb4+ {looks sharper.} 7. Bd2 Qd4 8. Bxb4 Qxa1 9. Bc3 Qxa2 10. Bd3 Nc6) 7. Kxd1 Nc6 8. Bb2 (8. f4 $15) 8... Bf5 $17 {[%emt 0:02:18][%mdl 1024] Black has strong compensation.} 9. Nf3 O-O-O+ 10. Ke1 (10. Kc1 $142) 10... Nb4 {[%emt 0:09:43] Black has more active pieces.} 11. Na3 Nd3+ (11... Nd7 $17 {...Nc5 would now be deadly.} 12. Rd1 Nxa2) 12. Bxd3 $15 Bxd3 13. Nb5 Bc5 (13... a6 $15 14. Nbd4 Bb4+ 15. Kd1 Rhe8) 14. Nxa7+ ({White should play} 14. Rd1 $14) 14... Kb8 $11 {[%emt 0:00:43] [#] ...Bb4+ is the strong threat.} 15. Nb5 Rhe8 (15... Nd5 $1 $11) 16. h4 (16. Rd1 $14) 16... f6 ({Black should try} 16... Nd5 $15 17. Bd4 Bb4+ 18. Kd1 Nf4) 17. Rh3 (17. Bd4 {simplifies} Bf8 18. Rd1 fxe5 19. Rxd3 exd4+ 20. Kd2) 17... fxe5 {[%emt 0:01:19] Strongly threatening ...e4.} (17... Nd5 {simplifies} 18. cxd5 Bxb5 19. a3 Rxd5 20. b4 Ba7) 18. a3 $2 {[%emt 0:17:37] Now White is beyond hope.} (18. Ba3 $11 {and White stays safe.} Bxa3 (18... e4 19. Ng1 $16) 19. Nxa3) 18... e4 $19 19. Ng5 (19. Ne5 $142) 19... c6 20. Bxg7 $2 (20. Nf7 $17 cxb5 21. Nxd8 Rxd8 22. cxb5) 20... cxb5 21. Nxh7 $2 (21. b4 Bd4 22. Bxd4 Rxd4 23. cxb5) 21... Rd7 22. Nf6 Rxg7 23. Nxe8 Rxg2 24. Rh1 Bxf2+ {[%emt 0:03:02] This pair of bishops is nice. Black mates.} 25. Kd1 bxc4 26. bxc4 Nxc4 27. h5 Bd4 28. Rc1 Rd2+ 29. Ke1 Bf2# {[%emt 0:00:14] Weighted Error Value: White=0.81/Black=0.22 (precise) .  Loses game:     	White=2     	---        Mistake:       	White=6     	Black=4      Inaccurate:     	White=1     	Black=1      OK:         	White=3     	Black=4      Best:        	White=2     	Black=2} 0-1

[Event "Austrian Women Bundesliga 2023-24"]
[Site "Austria"]
[Date "2024.04.12"]
[Round "7"]
[White "Marinovic, Sara"]
[Black "Zatonskih, Anna"]
[Result "0-1"]
[ECO "C11"]
[WhiteElo "1776"]
[BlackElo "2342"]
[Annotator "RC"]
[PlyCount "66"]
[EventDate "2023.11.21"]
[EventType "team-tourn"]
[EventCountry "AUT"]
[SourceTitle "playchess.com"]
[Source "ChessBase"]
[SourceQuality "1"]
[TimeControl "40/5400+30:1800+30"]

1. e4 e6 2. d4 d5 3. Nc3 Nf6 4. e5 Nfd7 5. f4 c5 6. Nf3 Nc6 7. Be3 a6 8. Qd2 b5 9. dxc5 Bxc5 10. Bxc5 Nxc5 11. Qf2 Qb6 12. Be2 b4 13. Nb1 a5 14. Nbd2 a4 15. O-O O-O 16. Kh1 Ba6 17. Bxa6 Rxa6 18. Ng5 h6 19. Nh3 Ne7 20. g4 Ne4 21. Nxe4 dxe4 22. Qe2 Qb7 23. f5 e3+ 24. Kg1 exf5 25. gxf5 Nxf5 26. Rxf5 Rg6+ 27. Ng5 Qe4 28. Rf3 Rxg5+ 29. Kh1 Rxe5 30. Rg1 Rd8 31. Rgg3 Rd2 32. Qe1 e2 33. Qxd2 e1=Q+ 0-1

[Event "Austrian Women Bundesliga 2023-24"]
[Site "Austria"]
[Date "2024.04.12"]
[Round "7"]
[White "Wielander, Magdalena"]
[Black "Katter, Marlene"]
[Result "0-1"]
[ECO "C10"]
[WhiteElo "1622"]
[BlackElo "1902"]
[Annotator "TA"]
[PlyCount "86"]
[EventDate "2023.11.21"]
[EventType "team-tourn"]
[EventCountry "AUT"]
[SourceTitle "playchess.com"]
[Source "ChessBase"]
[SourceQuality "1"]
[TimeControl "40/5400+30:1800+30"]

1. e4 e6 2. d4 d5 3. Nd2 dxe4 4. Nxe4 Nd7 5. Nf3 Ngf6 6. Nc3 Bb4 7. Bd2 O-O 8. Nb5 (8. Be2 $11) 8... Bxd2+ 9. Qxd2 a6 10. Nc3 b6 11. O-O-O Bb7 12. Bd3 Qe7 13. Rhg1 c5 14. Qf4 (14. Qe3 $15) 14... Rfc8 {[%emt 0:15:16] Hoping for ...c4.} 15. Ne4 $2 {[%emt 0:04:00] [#]} (15. Qh4 $17 Nf8 16. dxc5) 15... Nxe4 $2 (15... c4 $19 {is more deadly.} 16. Nxf6+ Nxf6) 16. Bxe4 $17 Bxe4 17. Qxe4 Nf6 18. Qe2 Qc7 19. Ne5 c4 {[%emt 0:02:51] ...c3 would now be deadly.} 20. c3 b5 21. Qc2 (21. Kb1 $142) 21... a5 22. Kb1 Nd5 23. Rc1 Rab8 24. Ka1 f6 25. Nf3 Qc6 {[%emt 0:01:43] Black is more active.} 26. Nd2 Nf4 ({Black should try} 26... b4 $19 27. g3 b3) 27. f3 $2 {[%emt 0:02:17] [#]} (27. Rce1 $17) 27... Ne2 $1 $19 28. Rge1 Nxc1 29. Rxc1 Qd5 30. Qe4 b4 31. Re1 Rb6 32. f4 $2 (32. Nb1) 32... bxc3 33. bxc3 Rcb8 34. g3 Qxe4 35. Rxe4 {[%emt 0:00:12][%mdl 4096] Endgame. KRR-KRN} (35. Nxe4 $142 Rb2 36. Nd6) 35... Rb2 36. Re2 Rc2 37. Re1 {[%emt 0:00:36] Repels Rc1+} Rxd2 38. Rb1 {[%emt 0:00:29] Wards off Rbb2} Rxb1+ {Black mates.} 39. Kxb1 Rxh2 40. g4 Rf2 41. f5 exf5 42. gxf5 Rxf5 43. Kb2 h5 {[%emt 0:00:05] Weighted Error Value: White=0.88/Black=0.23 (precise) .  Loses game:     	White=1     	---        Missed win:     	---       	Black=1      Mistake:       	White=5     	Black=1      Inaccurate:     	White=6     	Black=3      OK:         	White=5     	Black=10     Best:        	White=1     	Black=1} 0-1

[Event "Austrian Women Bundesliga 2023-24"]
[Site "Austria"]
[Date "2024.04.13"]
[Round "8.1"]
[White "Babiy, Olga"]
[Black "Skuhala, Barbara"]
[Result "1-0"]
[ECO "B23"]
[WhiteElo "2306"]
[BlackElo "2188"]
[Annotator "RC"]
[PlyCount "55"]
[EventDate "2023.11.21"]
[EventType "team-tourn"]
[EventCountry "AUT"]
[SourceTitle "playchess.com"]
[Source "ChessBase"]
[SourceQuality "1"]
[TimeControl "40/5400+30:1800+30"]

1. e4 c5 2. Nc3 d6 3. d4 cxd4 4. Qxd4 Nc6 5. Qd2 g6 6. b3 Bh6 7. f4 Nf6 8. Bb2 O-O 9. O-O-O Re8 10. Nge2 e5 11. g3 Bg4 12. Bg2 Nd4 13. Nxd4 Bxd1 14. Rxd1 exd4 15. Qxd4 Bg7 16. Nb5 Nh5 17. Qxd6 Bxb2+ 18. Kxb2 Qa5 19. Qd3 Red8 20. Nd6 Qc7 21. e5 Ng7 22. Bd5 Rd7 23. g4 Kf8 24. Qh3 h5 25. gxh5 Nxh5 26. f5 Rxd6 27. exd6 Qxd6 28. fxg6 1-0

[Event "Austrian Women Bundesliga 2023-24"]
[Site "Austria"]
[Date "2024.04.13"]
[Round "8.2"]
[White "Teuschler, Barbara"]
[Black "Radeva, Viktoria"]
[Result "0-1"]
[ECO "B82"]
[WhiteElo "2052"]
[BlackElo "2315"]
[Annotator "RC"]
[PlyCount "68"]
[EventDate "2023.11.21"]
[EventType "team-tourn"]
[EventCountry "AUT"]
[SourceTitle "playchess.com"]
[Source "ChessBase"]
[SourceQuality "1"]
[TimeControl "40/5400+30:1800+30"]

1. e4 c5 2. Nf3 a6 3. Nc3 e6 4. d4 cxd4 5. Nxd4 Qc7 6. Bd3 Nf6 7. O-O d6 8. a4 Be7 9. Kh1 O-O 10. f4 b6 11. Qf3 Bb7 12. Qg3 Nc6 13. Nxc6 Bxc6 14. Bd2 Nd7 15. Rae1 Nc5 16. e5 Nxd3 17. cxd3 Rfd8 18. Re3 Qd7 19. Qg4 g6 20. Be1 dxe5 21. fxe5 Qd4 22. Qe2 b5 23. Qf2 Rf8 24. Qg3 b4 25. Rf4 bxc3 26. Rxd4 cxb2 27. Rc4 b1=Q 28. Rxc6 Rac8 29. Rc4 Rxc4 30. dxc4 Rd8 31. Rb3 Qc1 32. Rc3 Qa1 33. Kg1 Rd1 34. Kf1 Bh4 0-1

[Event "Austrian Women Bundesliga 2023-24"]
[Site "Austria"]
[Date "2024.04.13"]
[Round "8.3"]
[White "Khrapko, Marharyta"]
[Black "Myagmarsuren, Mandukhai"]
[Result "1-0"]
[ECO "C77"]
[WhiteElo "2218"]
[BlackElo "2079"]
[Annotator "RC"]
[PlyCount "71"]
[EventDate "2023.11.21"]
[EventType "team-tourn"]
[EventCountry "AUT"]
[SourceTitle "playchess.com"]
[Source "ChessBase"]
[SourceQuality "1"]
[TimeControl "40/5400+30:1800+30"]

1. e4 e5 2. Nf3 Nc6 3. Bb5 a6 4. Ba4 Nf6 5. d3 Bc5 6. c3 b5 7. Bb3 d5 8. exd5 Nxd5 9. O-O O-O 10. Re1 Bg4 11. h3 Bh5 12. Bg5 Qd6 13. Nbd2 Bg6 14. Ne4 Bxe4 15. dxe4 Nb6 16. Qc1 h6 17. Bh4 Rae8 18. Bg3 g5 19. h4 g4 20. Nh2 Qg6 21. h5 Qxh5 22. Bd1 f5 23. exf5 Qxf5 24. Nxg4 Re6 25. b4 Bxf2+ 26. Nxf2 Qg6 27. Ne4 Kh8 28. Bc2 Rg8 29. Re2 Qh5 30. Qe1 Reg6 31. Bh4 Nd5 32. Rd2 Nf4 33. Bf6+ Rxf6 34. Nxf6 Nh3+ 35. Kh2 Qg5 36. Nxg8 1-0

[Event "Austrian Women Bundesliga 2023-24"]
[Site "Austria"]
[Date "2024.04.13"]
[Round "8.4"]
[White "Deak-Sala, Emilia"]
[Black "Anker, Christin"]
[Result "1-0"]
[ECO "A07"]
[WhiteElo "2053"]
[BlackElo "1914"]
[Annotator "NA RC"]
[PlyCount "85"]
[EventDate "2023.11.21"]
[EventType "team-tourn"]
[EventCountry "AUT"]
[SourceTitle "playchess.com"]
[Source "ChessBase"]
[SourceQuality "1"]
[TimeControl "40/5400+30:1800+30"]

1. Nf3 Nf6 2. g3 d5 3. Bg2 Bf5 4. O-O e6 5. d3 Be7 6. Nbd2 O-O 7. c3 c5 8. Nh4 Nc6 9. Nxf5 exf5 10. Qc2 Re8 11. e4 fxe4 12. dxe4 dxe4 13. Nxe4 Qb6 14. Be3 Qa5 15. Rfd1 Rad8 16. Rxd8 Rxd8 17. Nxf6+ Bxf6 18. Qf5 Ne7 19. Qxc5 Qxc5 20. Bxc5 b6 21. Ba3 g6 22. Kf1 Nf5 23. Re1 h5 24. c4 Rd2 25. Re8+ Kg7 26. Bd5 Bd4 27. Re2 Rd1+ 28. Kg2 Kf6 29. b3 Ra1 30. h3 g5 31. Bf3 Kg6 32. Be4 Kf6 33. Bb4 a5 34. Ba3 Bc3 35. Rc2 Bd4 36. Bf3 Kg6 37. c5 bxc5 38. Bxc5 Bf6 39. Be4 Re1 40. Be3 Be7 41. g4 hxg4 42. hxg4 Kf6 43. Bxf5 1-0

[Event "Austrian Women Bundesliga 2023-24"]
[Site "Austria"]
[Date "2024.04.13"]
[Round "8.5"]
[White "Mihok-Juhasz, Barbara"]
[Black "Danielian, Elina"]
[Result "0-1"]
[ECO "B12"]
[WhiteElo "2247"]
[BlackElo "2397"]
[Annotator "RC"]
[PlyCount "96"]
[EventDate "2023.11.21"]
[EventType "team-tourn"]
[EventCountry "AUT"]
[SourceTitle "playchess.com"]
[Source "ChessBase"]
[SourceQuality "1"]
[TimeControl "40/5400+30:1800+30"]

1. e4 c6 2. d4 d5 3. e5 Bf5 4. h4 a6 5. h5 c5 6. dxc5 Nc6 7. Bd3 Bxd3 8. cxd3 Qa5+ 9. Kf1 Qxc5 10. Nf3 e6 11. Nc3 Qb6 12. Ne2 h6 13. Rb1 Nge7 14. g3 Rc8 15. Kg2 d4 16. Rh4 Nd5 17. Bd2 Qb5 18. Nexd4 Nxd4 19. Nxd4 Qd7 20. Nf3 Bc5 21. Rc1 O-O 22. Rhc4 b6 23. Qe2 Be7 24. Qe4 b5 25. Rxc8 Rxc8 26. Rxc8+ Qxc8 27. a4 Qc2 28. axb5 axb5 29. b4 Qb2 30. Qd4 Qa3 31. Qg4 Kh8 32. Qd4 Qa4 33. Be1 Kg8 34. Bd2 Bxb4 35. Bxb4 Qxb4 36. Qxb4 Nxb4 37. Nd4 Nxd3 38. f4 b4 39. Nb3 Kh7 40. Kf3 g6 41. Ke3 Nb2 42. g4 gxh5 43. gxh5 Nd1+ 44. Kf3 Nc3 45. Nd4 Nd5 46. Nb3 Ne7 47. Nd4 Nf5 48. Nxf5 b3 0-1

[Event "Austrian Women Bundesliga 2023-24"]
[Site "Austria"]
[Date "2024.04.13"]
[Round "8.6"]
[White "Papp, Sarah"]
[Black "Cvitan, Ena"]
[Result "1-0"]
[ECO "B15"]
[WhiteElo "2281"]
[BlackElo "2252"]
[Annotator "RC"]
[PlyCount "129"]
[EventDate "2023.11.21"]
[EventType "team-tourn"]
[EventCountry "AUT"]
[SourceTitle "playchess.com"]
[Source "ChessBase"]
[SourceQuality "1"]
[TimeControl "40/5400+30:1800+30"]

1. e4 c6 2. d4 d5 3. Nc3 dxe4 4. Nxe4 Nf6 5. Nxf6+ exf6 6. c3 Bd6 7. Bd3 O-O 8. Qc2 Re8+ 9. Ne2 h5 10. O-O h4 11. h3 Nd7 12. Bd2 Nf8 13. Rae1 g6 14. c4 Bd7 15. Bc3 Rc8 16. Qd2 Kg7 17. f4 Bb8 18. d5 cxd5 19. cxd5 Qb6+ 20. Bd4 Qd6 21. Nc3 Nh7 22. Qf2 Rxe1 23. Qxe1 Bc6 24. Be4 Re8 25. Qxh4 Qb4 26. Rd1 Bd7 27. Bf3 Bf5 28. a3 Qd6 29. Ne2 Be4 30. Qf2 Kg8 31. Bc5 Qd7 32. Nc3 Bxf3 33. Qxf3 b6 34. Bf2 Qd6 35. Nb5 Qd7 36. Nd4 Bd6 37. b4 Qa4 38. Rc1 a5 39. Rc6 axb4 40. Rxd6 bxa3 41. Qb3 Qa8 42. Qa2 b5 43. Nxb5 Qa4 44. Nc3 Qxf4 45. Qxa3 Ng5 46. Ra6 Kg7 47. Qb2 Re5 48. Ra4 Nxh3+ 49. gxh3 Rg5+ 50. Kf1 Qh2 51. Ne4 Qh1+ 52. Ke2 Re5 53. Qd4 Qxh3 54. d6 Qh5+ 55. Kd3 Rd5 56. Qxd5 Qxd5+ 57. Rd4 Qb5+ 58. Kd2 Qa5+ 59. Ke2 Qh5+ 60. Ke1 Qa5+ 61. Kf1 Qb5+ 62. Kg1 Qd7 63. Nc5 Qd8 64. d7 f5 65. Kf1 1-0

[Event "Austrian Women Bundesliga 2023-24"]
[Site "Austria"]
[Date "2024.04.13"]
[Round "8.7"]
[White "Karacsonyi, Kata"]
[Black "Matnadze Bujiashvili, Ann"]
[Result "0-1"]
[ECO "B61"]
[WhiteElo "2152"]
[BlackElo "2359"]
[Annotator "RC"]
[PlyCount "74"]
[EventDate "2023.11.21"]
[EventType "team-tourn"]
[EventCountry "AUT"]
[SourceTitle "playchess.com"]
[Source "ChessBase"]
[SourceQuality "1"]
[TimeControl "40/5400+30:1800+30"]

1. e4 c5 2. Nf3 d6 3. d4 cxd4 4. Nxd4 Nf6 5. Nc3 Nc6 6. Bg5 Bd7 7. Qd2 Rc8 8. f3 a6 9. O-O-O Nxd4 10. Qxd4 Qa5 11. h4 Be6 12. Kb1 Nd7 13. Nd5 Qc5 14. Qxc5 Nxc5 15. c4 f5 16. Re1 fxe4 17. fxe4 Nd7 18. b3 Ne5 19. Be2 Bf7 20. Bf4 e6 21. Bxe5 dxe5 22. Bg4 Bc5 23. h5 Rd8 24. Nc3 Ke7 25. h6 g6 26. Kc2 Be8 27. Rhf1 Bc6 28. Rf3 Rhf8 29. Ref1 Rxf3 30. Rxf3 b5 31. cxb5 axb5 32. Rd3 Ra8 33. Bf3 b4 34. Na4 Bd4 35. Kb1 g5 36. g4 Rf8 37. Kc1 Bb5 0-1

[Event "Austrian Women Bundesliga 2023-24"]
[Site "Austria"]
[Date "2024.04.13"]
[Round "8.8"]
[White "Zatonskih, Anna"]
[Black "Exler, Veronika"]
[Result "1/2-1/2"]
[ECO "D02"]
[WhiteElo "2342"]
[BlackElo "2171"]
[Annotator "RC"]
[PlyCount "120"]
[EventDate "2023.11.21"]
[EventType "team-tourn"]
[EventCountry "AUT"]
[SourceTitle "playchess.com"]
[Source "ChessBase"]
[SourceQuality "1"]
[TimeControl "40/5400+30:1800+30"]

1. d4 Nf6 2. Nf3 g6 3. g3 Bg7 4. Bg2 d5 5. O-O O-O 6. Nbd2 a5 7. a4 Na6 8. Nb3 c6 9. Ne5 Ne4 10. Nd3 Nd6 11. c3 f6 12. f4 b6 13. Nd2 f5 14. b3 Ne4 15. Nxe4 dxe4 16. Ne5 c5 17. e3 Qc7 18. c4 Bb7 19. Bb2 Rad8 20. Qe2 e6 21. Rad1 Nb4 22. Rd2 Bxe5 23. fxe5 Nd3 24. Ba1 Rf7 25. g4 f4 26. exf4 Nxf4 27. Qe3 Nxg2 28. Kxg2 Rf3 29. Rxf3 exf3+ 30. Kg3 Qc6 31. dxc5 Rxd2 32. Qxd2 bxc5 33. Qd6 Kf7 34. Bc3 f2 35. Qxc6 f1=N+ 36. Kf2 Bxc6 37. Kxf1 Be4 38. Bxa5 Bc2 39. Bb6 Bxb3 40. a5 Bxc4+ 41. Kf2 h5 42. gxh5 gxh5 43. Bxc5 Ke8 44. Kg3 Kd7 45. Kh4 Be2 46. Bf2 Kc7 47. a6 Kb8 48. Kg5 Ka8 49. h3 Kb8 50. a7+ Kb7 51. Kf6 Bc4 52. Kf7 Bb3 53. Ke7 Bc4 54. Kf6 Bb3 55. Kg5 Bd1 56. Kf4 Be2 57. Be3 Bf1 58. Kg3 Ka8 59. Bd4 Kb7 60. h4 Be2 1/2-1/2

[Event "Austrian Women Bundesliga 2023-24"]
[Site "Austria"]
[Date "2024.04.13"]
[Round "8.9"]
[White "Polterauer, Chiara"]
[Black "Unuk, Laura"]
[Result "0-1"]
[ECO "C24"]
[WhiteElo "2194"]
[BlackElo "2338"]
[Annotator "RC"]
[PlyCount "74"]
[EventDate "2023.11.21"]
[EventType "team-tourn"]
[EventCountry "AUT"]
[SourceTitle "playchess.com"]
[Source "ChessBase"]
[SourceQuality "1"]
[TimeControl "40/5400+30:1800+30"]

1. e4 e5 2. Nf3 Nc6 3. Bc4 Nf6 4. d3 d5 5. exd5 Nxd5 6. O-O Nb6 7. Bb5 Bd6 8. Re1 f6 9. Bxc6+ bxc6 10. d4 O-O 11. Qd3 exd4 12. Nxd4 Re8 13. Rxe8+ Qxe8 14. Bd2 Qh5 15. Nf3 Bf5 16. Qb3+ Kh8 17. Na3 Be4 18. h3 Bxf3 19. Qxf3 Qe5 20. Re1 Qxb2 21. Nc4 Qxc2 22. Rc1 Qxa2 23. Qxc6 Rd8 24. Nxd6 Rxd6 25. Qe8+ Qg8 26. Qe2 Nd5 27. Ba5 Qd8 28. Qc4 Rd7 29. Qa6 Qa8 30. Rb1 h6 31. Rb7 Nf4 32. f3 Qe8 33. Bxc7 Qe3+ 34. Kh2 Rd2 35. Rb2 Rxb2 36. Qc8+ Kh7 37. Qf5+ Ng6 0-1

[Event "Austrian Women Bundesliga 2023-24"]
[Site "Austria"]
[Date "2024.04.13"]
[Round "8.10"]
[White "Hrescak, Ivana"]
[Black "Schloffer, Jasmin-Denise"]
[Result "1/2-1/2"]
[ECO "E43"]
[WhiteElo "2090"]
[BlackElo "2167"]
[Annotator "RC"]
[PlyCount "100"]
[EventDate "2023.11.21"]
[EventType "team-tourn"]
[EventCountry "AUT"]
[SourceTitle "playchess.com"]
[Source "ChessBase"]
[SourceQuality "1"]
[TimeControl "40/5400+30:1800+30"]

1. d4 Nf6 2. c4 e6 3. Nc3 Bb4 4. e3 b6 5. Bd3 Bb7 6. Nf3 Ne4 7. Bd2 Bxc3 8. Bxc3 f5 9. Qe2 O-O 10. Rd1 d6 11. O-O Nd7 12. Nd2 Qh4 13. f3 Nxc3 14. bxc3 Nf6 15. Qf2 Qh6 16. Rfe1 Rae8 17. Rb1 Nd7 18. e4 f4 19. Nb3 Qh5 20. c5 dxc5 21. dxc5 Ne5 22. Be2 Rf6 23. Nd4 Rh6 24. h3 Rg6 25. Kf1 Nf7 26. cxb6 axb6 27. Red1 Qa5 28. Nb5 Rc8 29. Rb3 Qa8 30. Ra3 Qb8 31. c4 e5 32. c5 Rd8 33. Rxd8+ Qxd8 34. Rd3 Qc8 35. Rd1 Ba6 36. a4 c6 37. Nc3 bxc5 38. Qxc5 Bxe2+ 39. Nxe2 Qa6 40. Qb4 h6 41. Rd2 c5 42. Qxc5 Qxa4 43. Qc8+ Kh7 44. Qd7 Qxd7 45. Rxd7 Rf6 46. Nc3 Kg6 47. Nd5 Ra6 48. Ne7+ Kf6 49. Nd5+ Kg6 50. Ne7+ Kf6 1/2-1/2

[Event "Austrian Women Bundesliga 2023-24"]
[Site "Austria"]
[Date "2024.04.13"]
[Round "8.11"]
[White "Konecny, Sophie"]
[Black "Vidic, Teja"]
[Result "1/2-1/2"]
[ECO "C58"]
[WhiteElo "1907"]
[BlackElo "2139"]
[Annotator "RC"]
[PlyCount "61"]
[EventDate "2023.11.21"]
[EventType "team-tourn"]
[EventCountry "AUT"]
[SourceTitle "playchess.com"]
[Source "ChessBase"]
[SourceQuality "1"]
[TimeControl "40/5400+30:1800+30"]

1. e4 e5 2. Nf3 Nc6 3. Bc4 Nf6 4. Ng5 d5 5. exd5 Na5 6. Bb5+ c6 7. dxc6 bxc6 8. Qf3 Rb8 9. Bd3 Be7 10. Nc3 h6 11. Nge4 Nd5 12. O-O O-O 13. Ng3 g6 14. Re1 Bf6 15. a3 Nb7 16. Bc4 Be6 17. d3 Bg7 18. Nf1 Qd7 19. Ne3 Rbd8 20. h3 f5 21. Ba2 Kh7 22. Nc4 Qc7 23. Bd2 Bg8 24. Ne3 Qd7 25. Rad1 Kh8 26. Nc4 Rfe8 27. Qg3 f4 28. Qxg6 Bf7 29. Qg4 Qc7 30. Ne4 Rg8 31. Qh4 1/2-1/2

[Event "Austrian Women Bundesliga 2023-24"]
[Site "Austria"]
[Date "2024.04.13"]
[Round "8.12"]
[White "Kordzadze, Nino"]
[Black "Wu, Min"]
[Result "1-0"]
[ECO "A47"]
[WhiteElo "1976"]
[BlackElo "1938"]
[Annotator "TA"]
[PlyCount "69"]
[EventDate "2023.11.21"]
[EventType "team-tourn"]
[EventCountry "AUT"]
[SourceTitle "playchess.com"]
[Source "ChessBase"]
[SourceQuality "1"]
[TimeControl "40/5400+30:1800+30"]

1. d4 Nf6 2. Nf3 e6 3. Bg5 c5 4. e3 b6 5. Nbd2 Be7 6. c3 Bb7 7. Bd3 h6 8. Bxf6 Bxf6 9. e4 d6 {[%emt 0:13:19] The position is equal.} 10. Bb5+ Bc6 11. Bxc6+ Nxc6 12. Qa4 Qd7 13. dxc5 dxc5 14. Rd1 O-O 15. O-O Rfd8 16. Qb5 Qc7 17. a4 Rd7 18. Nc4 Rad8 19. Rxd7 Rxd7 20. Ra1 g5 21. h3 h5 22. a5 Nxa5 23. Nxa5 bxa5 24. e5 (24. g3 $11) 24... g4 $2 (24... Bd8 $15 {stays ahead.}) 25. hxg4 $1 $18 (25. exf6 gxf3 26. Qa4 (26. Qxa5 $2 Rd1+ 27. Rxd1 Qxa5 $19) (26. gxf3 Kh7 $11) 26... Kh7 $14) 25... hxg4 26. exf6 gxf3 {[%emt 0:00:15][%mdl 4096] Endgame. KQR-KQR} 27. Qc4 (27. Rxa5 Rd1+) (27. gxf3 Kh7 $11) 27... Kh7 $2 (27... Qd6 $18 28. Qg4+ (28. Rxa5 Qd1+ 29. Kh2 Rd4 $11) (28. gxf3 Qd3 $16) 28... Kf8 29. gxf3 (29. Rxa5 fxg2 30. Qg7+ Ke8 $18) (29. Qg7+ Ke8 $18) 29... Ke8 30. Rxa5 Rb7 31. Qg8+ Qf8) 28. Qg4 (28. gxf3 Kg6 $11) 28... Kh6 29. gxf3 {[%emt 0:07:07] Threatening mate with Kg2.} Qe5 {[%emt 0:01:21] [#]} 30. Qg7+ $1 $40 {[%emt 0:04:22][%mdl 128] Black is in trouble.} (30. Rxa5 Qg5 $16) 30... Kh5 31. Qg4+ ({Weaker is} 31. Rxa5 Rd1+ 32. Kg2 Qg5+ 33. Qxg5+ Kxg5 $16) (31. Ra4 $18 {[%cal Oa4h4] White wants to mate with Rh4+!} Qg5+ 32. Rg4 Qxg7 33. fxg7) 31... Kh6 $14 32. Qg7+ $2 (32. Rxa5 $14 Qg5 33. Qxg5+ Kxg5 34. Rxc5+ Kxf6 35. f4) 32... Kh5 {[%emt 0:00:03] [#]} 33. Ra4 $1 {[%emt 0:00:42] White mates.} ({Not} 33. Rxa5 Rd1+ 34. Kg2 Qg5+ 35. Qxg5+ Kxg5 $16) 33... Qg5+ 34. Rg4 Qh6 {[%emt 0:00:46] [#]} 35. Rh4+ $3 {[%emt 0:00:08][%mdl 512] Weighted Error Value: White=0.34/Black=0.62.  Loses game:     	---       	Black=2      Mistake:       	White=1     	Black=1      Inaccurate:     	White=2     	Black=2      OK:         	White=8     	Black=6      Best:        	White=1     	Black=1      Strong:       	White=2     	---} 1-0

[Event "Austrian Women Bundesliga 2023-24"]
[Site "Austria"]
[Date "2024.04.13"]
[Round "8.13"]
[White "Heinatz, Gundula"]
[Black "Urh, Zala"]
[Result "1/2-1/2"]
[ECO "A08"]
[WhiteElo "2116"]
[BlackElo "2263"]
[Annotator "RC"]
[PlyCount "80"]
[EventDate "2023.11.21"]
[EventType "team-tourn"]
[EventCountry "AUT"]
[SourceTitle "playchess.com"]
[Source "ChessBase"]
[SourceQuality "1"]
[TimeControl "40/5400+30:1800+30"]

1. Nf3 d5 2. g3 Nf6 3. Bg2 c5 4. O-O Nc6 5. d3 e5 6. b3 Bd6 7. Nfd2 O-O 8. e4 d4 9. Nc4 Bc7 10. a4 a6 11. f4 exf4 12. gxf4 Bg4 13. Qe1 Nb4 14. Nba3 b5 15. Ne5 Qb8 16. Qh4 Be6 17. Nf3 Bd8 18. f5 Bc8 19. Bf4 Qb6 20. a5 Qc6 21. Qh3 Ra7 22. Ng5 h6 23. e5 Nfd5 24. Ne4 Nxf4 25. Rxf4 Qe8 26. Nf6+ Bxf6 27. exf6 Qe5 28. fxg7 Qxf4 29. gxf8=Q+ Kxf8 30. Rf1 Qg5 31. Qg3 Qxg3 32. hxg3 f6 33. g4 Re7 34. Kf2 Bb7 35. Bxb7 Rxb7 36. Rh1 Rh7 37. Kf3 Nc6 38. Ke4 Nb4 39. Kf3 Nc6 40. Ke4 Nb4 1/2-1/2

[Event "Austrian Women Bundesliga 2023-24"]
[Site "Austria"]
[Date "2024.04.13"]
[Round "8.14"]
[White "Janzelj, Lara"]
[Black "Rojickova, Monika"]
[Result "1/2-1/2"]
[ECO "D13"]
[WhiteElo "2167"]
[BlackElo "2072"]
[Annotator "RC"]
[PlyCount "60"]
[EventDate "2023.11.21"]
[EventType "team-tourn"]
[EventCountry "AUT"]
[SourceTitle "playchess.com"]
[Source "ChessBase"]
[SourceQuality "1"]
[TimeControl "40/5400+30:1800+30"]

1. d4 d5 2. c4 c6 3. cxd5 cxd5 4. Nc3 Nf6 5. Bf4 Nc6 6. e3 a6 7. Be2 Bf5 8. Nf3 e6 9. Qb3 Ra7 10. O-O Bd6 11. Bxd6 Qxd6 12. Rfc1 O-O 13. Na4 Nd7 14. Nc5 Nxc5 15. Rxc5 Bg4 16. Qb6 Qe7 17. Rac1 Raa8 18. Qb3 Rfc8 19. Qc3 Qd8 20. b4 Ne7 21. Qb2 Bxf3 22. Bxf3 b6 23. Rxc8 Rxc8 24. Be2 Rxc1+ 25. Qxc1 a5 26. bxa5 bxa5 27. Qc5 g6 28. h4 h5 29. Bd3 Kg7 30. g3 Nc8 1/2-1/2

[Event "Austrian Women Bundesliga 2023-24"]
[Site "Austria"]
[Date "2024.04.13"]
[Round "8.15"]
[White "Bruessow, Nina"]
[Black "Hercog, Nusa"]
[Result "0-1"]
[ECO "B19"]
[WhiteElo "1884"]
[BlackElo "2034"]
[Annotator "NA RC"]
[PlyCount "90"]
[EventDate "2023.11.21"]
[EventType "team-tourn"]
[EventCountry "AUT"]
[SourceTitle "playchess.com"]
[Source "ChessBase"]
[SourceQuality "1"]
[TimeControl "40/5400+30:1800+30"]

1. e4 c6 2. d4 d5 3. Nd2 dxe4 4. Nxe4 Bf5 5. Ng3 Bg6 6. Nf3 Nd7 7. h4 h6 8. h5 Bh7 9. Bd3 Bxd3 10. Qxd3 e6 11. Bd2 Ngf6 12. O-O-O Be7 13. Kb1 Qb6 14. c4 Rd8 15. Ne4 c5 16. Bc3 O-O 17. Rhg1 Nxe4 18. Qxe4 Bf6 19. g4 cxd4 20. Bxd4 Nc5 21. Qc2 Bxd4 22. Nxd4 e5 23. Nf5 Qf6 24. Ne3 Rxd1+ 25. Rxd1 e4 26. Nd5 Qg5 27. Qe2 Re8 28. f4 Qh4 29. g5 hxg5 30. Qe3 b6 31. b4 gxf4 32. Nxf4 Ne6 33. Nd5 Qxh5 34. Rg1 Qh4 35. Rg3 f5 36. Rg6 Kf7 37. Qg1 Qh5 38. Rg2 Rh8 39. Kb2 g6 40. Qf2 Qh3 41. Qd2 g5 42. Re2 Qg3 43. Rg2 Qe5+ 44. Nc3 Rd8 45. Qe2 Nf4 0-1